 Dungeon Crawl Stone Soup version 0.30-a0-475-g03497ec522 (webtiles) character file.

Game seed: 15299751156022019397

63 purpskrrrp the Conjurer (level 3, 0/24 HPs)
             Began as a Demonspawn Conjurer on Dec 21, 2022.
             Slain by a gnoll
             ... wielding a +0 flail
              (8 damage)
             ... on level 1 of the Dungeon.
             The game lasted 00:02:47 (1481 turns).

purpskrrrp the Conjurer (Demonspawn Conjurer)       Turns: 1481, Time: 00:02:48

Health: 0/24       AC:  2    Str:  7    XL:     3   Next: 87%
Magic:  2/6        EV:  9    Int: 21    God:
Gold:   51         SH:  0    Dex: 11    Spells: 6/7 levels left

rFire   . . .      SeeInvis .    f - +1 whip
rCold   . . .      Faith    .    (no shield)
rNeg    . . .      Spirit   .    a - +0 robe
rPois   .          Reflect  .    (helmet restricted)
rElec   .          Harm     .    (no cloak)
rCorr   .          Rampage  .    (no gloves)
Will    .....                    (no boots)
Stlth   ++........               (no amulet)
HPRegen 0.24/turn                (no ring)
MPRegen 0.10/turn                (no ring)

@: constricted
A: horns 1
a: no special abilities


You were on level 1 of the Dungeon.
You visited 1 branch of the dungeon, and saw 2 of its levels.

You collected 51 gold pieces.

Inventory:

Hand Weapons
 d - a +0 club
 f - a +1 whip (weapon)
Armour
 a - a +0 robe (worn)
Scrolls
 g - a scroll of enchant weapon
 h - a scroll of amnesia {unknown}
Potions
 b - a potion of magic
 c - 3 potions of brilliance
 e - a potion of berserk rage {unknown}


   Skills:
 + Level 2.4 Dodging
 - Level 1.7 Stealth
 + Level 2.5 Spellcasting
 * Level 4.8 Conjurations


You had 6 spell levels left.
You knew the following spells:

 Your Spells              Type           Power      Damage    Failure   Level
a - Magic Dart            Conj           92%        1d7       1%          1

Your spell library contained the following spells:

 Spells                   Type           Power      Damage    Failure   Level
 Searing Ray              Conj           46%        2d6       2%          2
 Static Discharge         Conj/Air       24%        2-3/arc   8%          2
 Dazzling Flash           Conj/Hex       24%        N/A       16%         3
 Vhi's Electric Charge    Tloc/Air       4%         N/A       38%         3
 Fulminant Prism          Conj/Hex       6%         3d6       45%         4
 Iskenderun's Mystic Bla  Conj/Tloc      12%        2d5       45%         4
 Arcjolt                  Conj/Air       6%         1d16      82%         5
 Lightning Bolt           Conj/Air       6%         1d18      82%         5


Dungeon Overview and Level Annotations

Branches:
Dungeon (2/15)

Altars:

Shops:
D:1 *

Annotations:
D:1 Terence


Innate Abilities, Weirdness & Mutations

You have a pair of small horns on your head.


Message History

You kill the gnoll!
The magic dart hits the hobgoblin.
You kill the hobgoblin!
A gnoll comes into view. It is wielding a +0 flail.
The magic dart hits the gnoll.
The gnoll is lightly wounded.
The gnoll shouts!
Found a stone staircase leading down.
A ball python comes into view.
The ball python hisses angrily.
You hit the gnoll but do no damage.
The gnoll is lightly wounded.
The gnoll hits you with a +0 whip. The gnoll barely misses you.
The gnoll attacks as you move away! The gnoll misses you.
Found a stone staircase leading up.
The magic dart hits the gnoll.
The gnoll is lightly wounded.
Terence the Incautious comes into view.
He is wielding a +0 short sword.
Terence shouts!
Terence attacks as you move away! Terence barely misses you.
Terence attacks as you move away! Terence hits you with a +0 short sword.
Found a lumpy emerald potion.
Terence attacks as you move away! Terence closely misses you.
Terence attacks as you move away! Terence completely misses you.
The gnoll shouts!
There is a stone staircase leading up here.
The gnoll barely misses you. Terence hits you with a +0 short sword.
The ball python barely misses you. x2
You climb upwards.
There is a stone staircase leading down here.
As you read the scroll labelled GAINTE COBECVO, it crumbles to dust.
It is a scroll of enchant weapon.
Your +0 whip glows red for a moment.
The gnoll closely misses you. Terence hits you with a +0 short sword.
The ball python misses you. The ball python grabs you.
The ball python constricts you.
You closely miss Terence. The gnoll hits you with a +0 flail.
Terence shouts, "Now you die!" Terence barely misses you.
The ball python closely misses you. The ball python constricts you.
The gnoll hits you with a +0 flail!
You die...

####.##.....###....#
#.##.....#...####
#........#.###
###......#.#
#......#.#
######.....#.#
#..........#.#
#........@...#
#.......S@####
#########g# ####'###
#......# #......#
#......# #......#
#......#
#......#####


You could see Terence, a gnoll and a ball python.

Vanquished Creatures
  2 gnolls
  An adder (D:2)
  2 dart slugs (D:1)
  2 endoplasms (D:1)
  A goblin (D:1)
  4 hobgoblins
  3 jackals (D:2)
  3 quokkas (D:1)
  4 ball pythons (D:1)
  3 bats
  3 frilled lizards (D:1)
  2 kobolds (D:1)
  A rat (D:1)
31 creatures vanquished.

Notes
Turn   | Place    | Note
-------+----------+-------------------------------------------
     0 | D:1      | purpskrrrp the Demonspawn Conjurer began the quest for the
                  | Orb.
     0 | D:1      | Reached XP level 1. HP: 13/13 MP: 3/3
   255 | D:1      | Discovered your monstrous ancestry.
   255 | D:1      | Gained mutation: You have a pair of small horns on your
                  | head. [demonic ancestry]
   255 | D:1      | Reached XP level 2. HP: 14/19 MP: 0/5
   755 | D:1      | Reached XP level 3. HP: 10/24 MP: 2/6
  1005 | D:1      | Found Kobirgh's Assorted Antiques.
  1467 | D:2      | Noticed Terence
  1481 | D:1      | Slain by a gnoll

Illustrated notes

Levels and vault maps discovered:
D:1:      dpeg_arrival_tiny_i, layout_basic, serial_shops,
          nicolae_shop_hallway_plus
D:2:      layout_basic, minmay_randomly_rotated_circles, uniq_jessica,
          uniq_terence

Skill      XL: |  1 |
---------------+----+-----
Dodging        | 2 |  2.4
Stealth        | |  1.7
Spellcasting   | |  2.5
Conjurations   | |  4.8

Action                   || total
-------------------------++-------
Melee: Club              ||     2
       Unarmed           ||     1
       Whip              ||    12
       Headbutt          ||     2
 Cast: Magic Dart        ||    61
  Use: Scroll            ||     3
Armor: Robe              ||     5
Dodge: Dodged            ||    23

Table legend: (Time is in decaauts)
 A = Elapsed time spent in this place.
 B = Non-inter-level travel time spent in this place.
 C = Inter-level travel time spent in this place.
 D = Time resting spent in this place.
 E = Time spent auto-exploring this place.
 F = Levels seen in this place.
 G = Mean time per level.
                   A        B        C        D        E       F      G
               +--------+--------+--------+--------+--------+-----+--------+
         Total |   1482 |   1464 |     18 |     92 |   1223 |   2 |  741.0 |
       Dungeon |   1482 |   1464 |     18 |     92 |   1223 |   2 |  741.0 |
               +--------+--------+--------+--------+--------+-----+--------+

Top non-repeatable levels by time:
     D:1: 1138 daAuts
     D:2: 343 daAuts
